 Dungeon Sprint DCSS version 0.22.1-1-ga44c0e56f4 (webtiles) character file.

57 MuseOD the Sneak (level 3, 0/19 HPs)
             Began as a Spriggan Enchanter on Sept 28, 2018.
             Slain by a water elemental (19 damage)
             ... in the Dungeon (Sprint III: "The Ten Rune Challenge").
             The game lasted 00:02:15 (257 turns).

MuseOD the Sneak (Spriggan Enchanter)                Turns: 257, Time: 00:02:16

Health: 0/19       AC:  2    Str:  4    XL:     3   Next: 73%
Magic:  9/9        EV: 18    Int: 17    God:
Gold:   29         SH:  0    Dex: 16    Spells: 3/9 levels left

rFire    . . .     SeeInvis +   a - +1 dagger
rCold    . . .     Gourm    .   (shield restricted)
rNeg     . . .     Faith    .   b - +0 robe
rPois    .         Spirit   .   (helmet restricted)
rElec    .         Reflect  .   (no cloak)
rCorr    .         Harm     .   (gloves unavailable)
MR       .....     NoTele   +   (boots unavailable)
Stlth    +++.......             (no amulet)
HPRegen  0.06/turn              (no ring)
MPRegen  0.11/turn              (no ring)

@: very quick
A: very small, unfitting armour, see invisible, herbivore, speed 3, slow
metabolism 2
a: no special abilities


You were in the Dungeon.
You were not hungry.

You visited 1 branch You collected 29 gold pieces.

Inventory:

Hand Weapons
 a - a +1 dagger (weapon)
Armour
 b - a +0 robe (worn)
Scrolls
 j - a scroll of blinking
 k - a scroll of torment {unknown}
 l - a scroll of random uselessness {unknown}
 m - 3 scrolls of remove curse
 o - a scroll of holy word {unknown}
 p - 2 scrolls of identify
Potions
 c - 4 potions of mutation {unknown}
 e - a potion of curing
 f - a potion of heal wounds
 g - a potion of haste
 h - 2 potions of magic
 i - a potion of berserk rage
 n - a potion of invisibility {unknown}
 q - a potion of flight {unknown}
Comestibles
 d - 3 rations


   Skills:
 - Level 2.4 Fighting
 - Level 5.0 Short Blades
 - Level 3.0 Dodging
 - Level 6.7 Stealth
 + Level 3.9 Spellcasting
 + Level 4.6 Hexes


You had 3 spell levels left.
You knew the following spells:

 Your Spells              Type           Power        Failure   Level  Hunger
a - Corona                Hex            ###....      2%          1    None
b - Ensorcelled Hibernat  Hex/Ice        ##....       10%         2    ##.....
c - Confuse               Hex            ###.....     7%          3    ###....

Your spell library contained the following spells:

 Spells                   Type           Power        Failure   Level  Hunger
 Tukima's Dance           Hex            ###.....     7%          3    ###....
 Dazzling Spray           Conj/Hex       ##....       19%         3    ###....


Dungeon Overview and Level Annotations

Branches:
Dungeon (1/1)

Altars:


Innate Abilities, Weirdness & Mutations

You are very small and have problems with some larger weapons.
You are too small for most types of armour.
You have supernaturally acute eyesight. (SInv)
You are a herbivore.
You cover ground extremely quickly.
You need to consume almost no food.


Message History

c - a fuming cyan potion;
k - a scroll labeled SAUCLU ASHREO
l - a scroll labeled HOSYNOSIOPU;
m - 2 scrolls of remove curse
d - 2 rations (gained 1);
c - 2 fuming cyan potions (gained 1)
n - a metallic purple potion
c - 3 fuming cyan potions (gained 1);
o - a scroll labeled LUREMYONOU
p - 2 scrolls of identify
m - 3 scrolls of remove curse (gained 1)
d - 3 rations (gained 1);
c - 4 fuming cyan potions (gained 1)
q - a blue potion You now have 29 gold pieces (gained 12).
There is an open door here.
You start resting.
HP restored.
You start waiting.
You open the door.
A water elemental comes into view.
There is an open door to the Ecumenical Temple here.
The water elemental hits you!!
Ouch! That really hurt!
You die...

▓▓▓▓▓▓▓▓▓ ▓▓▓ ▓<..#...####
##.# ▓...#......#####..#
▓..##.......#..#..#
▓##.##.##..)#..#..###+#+##
##.##.###..##'#..#.......
▓#.####.##..###...'.⌠.....
▓.###..##..####@..#...####
▓#.....##..###..E†#.⌠.#
###..##...##.....#...#
#..##....#......#+###
#..###..##.#.....# #[. #..
####....# ▓▓▓ ▓▓▓ ▓▓▓▓▓▓


You could see a water elemental.

Vanquished Creatures
  Jessica (D)
  A human (D)
  2 oozes (D)
  A phantom (D)
5 creatures vanquished.

Vanquished Creatures (others)
  2 draconian scorchers (D)
  A hydra (D)
  6 hellions (D)
  A yaktaur (D)
  6 plants (D)
16 creatures vanquished.

Grand Total: 21 creatures vanquished

Notes
Turn   | Place    | Note
-------+----------+-------------------------------------------
     0 | D        | MuseOD the Spriggan Enchanter began the quest for the Orb.
     0 | D        | Reached XP level 1. HP: 9/9 MP: 5/5
     9 | D        | Reached skill level 1 in Fighting
     9 | D        | Reached skill level 5 in Stealth
    11 | D        | Reached XP level 2. HP: 14/14 MP: 6/6
    15 | D        | Learned a level 2 spell: Ensorcelled Hibernation
    20 | D        | Noticed Jessica
    24 | D        | Killed Jessica
    24 | D        | Reached skill level 6 in Stealth
    24 | D        | Reached XP level 3. HP: 19/19 MP: 8/8
    29 | D        | Learned a level 3 spell: Confuse
    49 | D        | Reached skill level 5 in Short Blades
    72 | D        | Killed a yaktaur
   116 | D        | Killed a hellion
   126 | D        | Killed a hellion
   128 | D        | Killed a hellion
   128 | D        | Killed a hellion
   129 | D        | Killed a hellion
   152 | D        | Killed a hellion
   233 | D        | Killed a white draconian scorcher
   233 | D        | Killed a white draconian scorcher
   234 | D        | Killed a four-headed hydra
   249 | D        | Noticed a water elemental
   257 | D        | Slain by a water elemental

Skill      XL: |  1  2  3 |
---------------+----------+-----
Fighting       | 1 2 |  2.4
Short Blades   | 3 4 5 |  5.0
Stealth        | 5 6 |  6.7
Spellcasting   | 3 |  3.9
Hexes          | 4 |  4.6
Dodging        | |  3.0

Action                   || total
-------------------------++-------
Melee: Dagger            ||    24
 Cast: Confuse           ||     3
 Stab: Sleeping          ||     4
       Confused          ||     2
Dodge: Dodged            ||     6
